Map: Lightshade LE

Players

MeThOd

  • Race: Protoss Protoss
  • League: Master

TerranYOUup - Winner!

  • Race: Terran Terran
  • League: Diamond

VOD

Have the link to the VOD?

Description

Time

  • Played on: July 18, 2021, 5:10 p.m.
  • Length: 9:07
Show
View Real Time Build Order
Export as new Build Order

MeThOd Protoss 

Build Orders: 1 Gate Expand, Blink Stalkers 

Get SALT Encoding   

  12  0:00  Probe  
  13  0:12  Probe  
  14  0:17  Pylon  
  14  0:24  Probe  
  15  0:36  Probe (Chrono Boost)  
  15  0:38  Gateway  
  16  0:46  Probe (Chrono Boost), Assimilator  
  17  0:51  Probe (Chrono Boost)  
  18  1:03  Probe  
  19  1:15  Probe  
  20  1:26  Cybernetics Core  
  20  1:34  Nexus  
  20  1:40  Pylon  
  20  1:46  Assimilator  
  20  1:50  Probe  
  21  2:02  Sentry (Chrono Boost), Probe  
  24  2:14  Shield Battery, Probe  
  25  2:17  Warp Gate  
  25  2:23  Adept (Chrono Boost)  
  25  2:26  Probe  
  28  2:31  Gateway  
  28  2:48  Probe  
  28  2:49  Probe  
  28  2:50  Stalker (Chrono Boost)  
  32  3:00  Probe  
  32  3:01  Probe  
  34  3:07  Twilight Council  
  34  3:12  Probe  
  35  3:14  Probe  
  36  3:21  Stalker  
  36  3:24  Probe  
  39  3:27  Probe  
  40  3:37  Blink (Chrono Boost)  
  40  3:41  Robotics Facility  
  40  3:45  Assimilator  
  40  3:55  Shield Battery  
  40  4:02  Probe x2  
  42  4:06  Stalker  
  42  4:07  Pylon  
  42  4:08  Stalker  
  46  4:16  Shield Battery  
  43  4:32  Observer (Chrono Boost)  
  44  4:38  Stalker x2  
  33  5:02  Stalker  
  33  5:25  Stalker  
  26  5:32  Probe x2 (Chrono Boost)  
  28  5:38  Stalker  
  28  5:42  Probe x2 (Chrono Boost)  
  32  5:47  Probe x2 (Chrono Boost)  
  34  5:55  Stalker  
  36  5:58  Probe x2  
  38  6:05  Stalker  
  38  6:10  Probe x2  
  39  6:23  Observer (Chrono Boost), Probe x2  
  41  6:35  Probe x2  
  44  6:47  Probe x2  
  37  7:16  Stalker  
  39  7:38  Probe x2  
  39  7:53  Stalker  
  40  8:09  Probe  
  41  8:22  Forge  
  39  8:30  Observer  
  34  8:52  Zealot x2  
Show
View Real Time Build Order
Export as new Build Order

TerranYOUup Terran - Winner!

Build Orders: Liberator Opening 

Get SALT Encoding   

  12  0:00  SCV  
  13  0:13  SCV  
  14  0:17  Supply Depot  
  14  0:25  SCV  
  15  0:29  Refinery  
  15  0:39  SCV  
  16  0:45  Barracks  
  16  0:51  SCV  
  16  0:57  Supply Depot  
  17  1:10  SCV  
  18  1:14  Refinery  
  18  1:22  SCV  
  19  1:34  SCV  
  20  1:43  Marine  
  21  1:52  Orbital Command  
  21  1:56  Factory  
  21  2:01  Barracks Reactor  
  21  2:22  SCV  
  22  2:34  SCV  
  23  2:39  Marine x2  
  23  2:42  Armory  
  25  2:44  Factory Reactor  
  25  2:45  Starport  
  25  2:46  SCV  
  26  2:51  Supply Depot  
  26  2:58  SCV  
  27  2:59  Marine  
  27  3:01  Marine  
  29  3:15  Supply Depot  
  29  3:22  Widow Mine x2  
  29  3:23  Medivac  
  35  3:40  Supply Depot  
  34  3:43  Widow Mine  
  34  3:44  Widow Mine  
  34  3:48  Marine x2  
  40  3:55  Liberator  
  43  4:05  Widow Mine x2, Marine  
  43  4:06  Marine  
  49  4:26  Widow Mine x2  
  53  4:48  Widow Mine  
  55  4:58  Widow Mine  
  53  5:09  Widow Mine  
  53  5:13  SCV, Marine  
  55  5:15  Marine  
  55  5:21  Widow Mine  
  54  5:23  Medivac  
  54  5:25  Barracks  
  54  5:27  Barracks  
  53  5:28  Supply Depot  
  53  5:30  Widow Mine, Supply Depot  
  55  5:45  Widow Mine  
  55  5:47  Marine x2  
  57  5:52  Widow Mine  
  57  6:00  Liberator  
  60  6:14  Widow Mine x2  
  60  6:15  Barracks Tech Lab  
  60  6:16  Barracks Tech Lab  
  64  6:24  Supply Depot  
  64  6:39  Widow Mine  
  66  6:43  Liberator  
  69  7:01  Widow Mine x2  
  69  7:03  Marauder, Marine  
  69  7:04  Marauder, Marine  
  69  7:24  Widow Mine x2  
  65  7:38  Liberator  
  65  7:40  Marauder  
  70  7:45  Widow Mine x2  
  70  8:12  Marauder  
  72  8:14  Marauder, Marine x2  
  73  8:34  Command Center  
Tags
 
Add a new tag
Caveats
  • Supply blocks, unpowered buildings, or Contaminate may cause inaccurate times.
  • Supply counts are checked every 10 seconds.